[Event "*** SCC Grand Prix: Titled Tuesday Blitz"]
[Site "Chess.com"]
[Date "2020.06.09"]
[Round "4"]
[White "sasko1234"]
[Black "PowerThinking2650"]
[Result "1-0"]
[WhiteElo "2477"]
[BlackElo "2325"]
[TimeControl "180+1"]
[EndTime "9:39:48 PDT"]
[Termination "sasko1234 won by resignation"]

1. b3 Nf6 2. Bb2 c5 3. e3 Nc6 4.
f4 d5 5. Nf3 e6 6. Bd3 Bd6 7.
O-O d4 8. Na3 dxe3 9. dxe3 O-O 10. Nc4 Bc7 11. a3 h6 12. Qe1 b5 13. Nce5 Nxe5 14.
fxe5 Nd5 15. Bxb5 Bb7 16. Rd1 Qe7 17. Bd3 f5 18. exf6 Nxf6 19. Qh4 Rad8 20. Ne5 Nd5 21. Qxe7 Nxe7 22. Rxf8+ Rxf8 23. Ng6 Nxg6 24. Bxg6 Rd8 25.
Rxd8+ Bxd8 26. Be5 Be7 27. c4 Bc6 28. Kf2 a5 29. Bc2 Kf8 30. g3 Ke8 31. Bc7 Bd8 32.
Bxd8 Kxd8 33. e4 Ke7 34. e5 Kf7 35. Ke3 Ke7 36. Be4 Bd7 37. h4 Kf7 38. Bf3 g5 39. hxg5 hxg5 40. Be4 Kg7 41. Kd2 Kf7 42. Kc3 Ke7 43.
b4 Kf7 44. bxa5 1-0

[Event "*** SCC Grand Prix: Titled Tuesday Blitz"]
[Site "Chess.com"]
[Date "2020.06.09"]
[Round "4"]
[White "CookiesAndIceCream"]
[Black "Unknown_IM"]
[Result "1-0"]
[WhiteElo "2326"]
[BlackElo "2452"]
[TimeControl "180+1"]
[EndTime "9:39:48 PDT"]
[Termination "CookiesAndIceCream won by resignation"]

1. e4 e5 2. Nf3 Nc6 3. Nc3 Nf6 4.
Bb5 Bd6 5. O-O O-O 6. d3 a6 7. Ba4 b5 8. Bb3 Na5 9. Bg5 Nxb3 10. axb3 c6 11. d4 exd4 12. Qxd4 Be7 13. e5 Ne8 14.
Bxe7 Qxe7 15. Ne4 Nc7 16. b4 Nd5 17. c3 f6 18. exf6 Nxf6 19. Rfe1 Nxe4 20. Rxe4 Qf7 21. Qd6 Qf6 22. Qc7 d5 23. Re7 Bf5 24. Nd4 Bg6 25.
f3 Rfc8 26. Qd7 Rd8 27. Qe6+ Kf8 28. Qxf6+ gxf6 29. Rc7 Rdc8 30. Rxa6 Rxc7 31. Rxa8+ Ke7 32. Ra6 Kd7 33. Kf2 f5 34. Ke3 Rc8 35. Kf4 c5 36.
bxc5 Rxc5 37. Rb6 Kc7 38. Rxb5 Rxb5 39. Nxb5+ Kc6 40. Nd4+ Kc5 41. Nxf5 Kc4 42. Ne7 Bf7 43. Ke5 Kc5 44. g4 h6 45. f4 Kc4 46. h4 Kc5 47. g5 hxg5 48. fxg5 1-0

[Event "*** SCC Grand Prix: Titled Tuesday Blitz"]
[Site "Chess.com"]
[Date "2020.06.09"]
[Round "4"]
[White "Alex_Banzea"]
[Black "MarceloPlaya"]
[Result "1-0"]
[WhiteElo "2433"]
[BlackElo "2241"]
[TimeControl "180+1"]
[EndTime "9:39:48 PDT"]
[Termination "Alex_Banzea won on time"]

1. e4 e6 2. d4 d5 3. Nc3 Bb4 4. exd5 exd5 5. Bd3 Nf6 6. a3 Bd6 7. Nge2 O-O 8. Bg5 c6 9. Qd2 b5 10. f3 a5 11. O-O Nbd7 12. Ng3 Qc7 13. Nce2 Re8 14.
c3 h6 15. Bf4 Bxf4 16. Nxf4 Nf8 17. Rae1 Bd7 18. Bc2 Rxe1 19. Rxe1 Re8 20. Nd3 Rxe1+ 21. Qxe1 Qd6 22. Qe5 Qxe5 23. dxe5 Ne8 24. Nc5 Nc7 25. b3 Nce6 26. Nb7 Ng6 27. Bxg6 fxg6 28. Nxa5 Nc5 29. Ne2 Kf7 30. Nd4 g5 31. b4 Na4 32. e6+ Bxe6 33. Naxc6 Nxc3 34. Nd8+ Kf6 35. N8xe6 Nb1 36. Nc7 Nxa3 37.
Ndxb5 Nc2 38. Nxd5+ Ke5 39. Nbc7 h5 40. b5 Kd6 41. b6 Kc6 42. Kf2 Nd4 43. Ke3 1-0

[Event "*** SCC Grand Prix: Titled Tuesday Blitz"]
[Site "Chess.com"]
[Date "2020.06.09"]
[Round "4"]
[White "Maksimus1998"]
[Black "Rinas_Oleg"]
[Result "1-0"]
[WhiteElo "2520"]
[BlackElo "2210"]
[TimeControl "180+1"]
[EndTime "9:39:49 PDT"]
[Termination "Maksimus1998 won on time"]

1. e4 c5 2. Nf3 Nc6 3. Bb5 Nd4 4. Nxd4 cxd4 5. O-O g6 6. d3 Bg7 7. f4 Nf6 8. Nd2 O-O 9. Nf3 a6 10. Bc4 d5 11.
exd5 Nxd5 12. Qe2 e6 13. Ne5 b5 14. Bb3 Bb7 15. Bd2 Qd6 16. Rae1 a5 17. a4 b4 18. Qg4 Rac8 19. Qh4 Ne7 20. Ng4 Nf5 21. Nf6+ Bxf6 22.
Qxf6 Rc5 23. Rxe6 Qd8 24. Qxd8 Rxd8 25. Re2 h5 26. Rfe1 Kf8 27. Re5 Rdc8 28. Rxc5 Rxc5 29. Re5 Rxe5 30. fxe5 Ke7 31. Bg5+ Ke8 32. Kf2 Ng7 33.
h3 Ne6 34. Bd2 Nc5 35. Bc4 Ke7 36. b3 Bc8 37. Bg5+ Ke8 38. Bc1 Ne6 39. Bb2 Ke7 40. Bxe6 Kxe6 41. Bxd4 Kd5 42. Ke3 Bb7 43. h4 Ke6 44. g3 Kd5 45. Bb6 Kxe5 46. Bxa5 Kf5 47. Bxb4 f6 48. Bd6 g5 49. hxg5 fxg5 50. b4 h4 51.
gxh4 gxh4 52. c4 Ke6 53. Bh2 1-0

[Event "*** SCC Grand Prix: Titled Tuesday Blitz"]
[Site "Chess.com"]
[Date "2020.06.09"]
[Round "4"]
[White "Boninknights"]
[Black "GoValya"]
[Result "1-0"]
[WhiteElo "2344"]
[BlackElo "2169"]
[TimeControl "180+1"]
[EndTime "9:39:49 PDT"]
[Termination "Boninknights won by checkmate"]

1. d4 g6 2. e4 Bg7 3. Nc3 c5 4.
Nf3 cxd4 5. Nxd4 Nc6 6. Be3 Nf6 7.
Be2 d5 8. Nxc6 bxc6 9. Bf3 e6 10.
O-O O-O 11. Re1 Nd7 12. Qd2 Ne5 13. Be2 Bb7 14. Na4 dxe4 15. Qxd8 Rfxd8 16. Nc5 Rab8 17. Rad1 Rxd1 18. Rxd1 f5 19. Nxe6 Bc8 20. Rd8+ Kf7 21. Nxg7 Kxg7 22. Bd4 Kf7 23. Bxe5 Ke7 24. Bxb8 Kxd8 25.
Bxa7 Be6 26. a4 Kc7 27. a5 Kb7 28. Bc5 Bd5 29. a6+ Ka8 30. c4 Be6 31. b4 Bd7 32.
b5 cxb5 33. cxb5 Be6 34. b6 Bd5 35. Bc4 Bc6 36. Bg8 h6 37. Bh7 g5 38. Bxf5 Bd5 39. g4 Bc6 40. b7+ Bxb7 41. axb7+ Kxb7 42. Bxe4+ Kc7 43.
Bf8 Kd7 44. Bxh6 Ke6 45. Bxg5 Ke5 46. f3 Kd4 47. h4 Kc3 48. h5 Kd4 49. h6 Ke5 50. h7 Kd4 51. h8=Q+ Kc5 52. Qb8 Kc4 53. Be3 Kc3 54. Qc7+ Kb2 55. Bd4+ Ka2 56. Qc2+ Ka3 57. Bc5# 1-0

[Event "*** SCC Grand Prix: Titled Tuesday Blitz"]
[Site "Chess.com"]
[Date "2020.06.09"]
[Round "4"]
[White "Martins-BR"]
[Black "fabianvivasz"]
[Result "1/2-1/2"]
[WhiteElo "2071"]
[BlackElo "2275"]
[TimeControl "180+1"]
[EndTime "9:39:49 PDT"]
[Termination "Game drawn by repetition"]

1. e4 e5 2. Nf3 Nc6 3. d4 exd4 4. Nxd4 Nf6 5. Nc3 Bb4 6. Nxc6 bxc6 7. Bd3 d5 8. exd5 O-O 9. O-O Bg4 10. f3 Bh5 11. dxc6 Qd4+ 12. Kh1 Bxc3 13. bxc3 Qxc3 14. Bg5 Rad8 15.
Rb1 Bg6 16. Bxf6 Qxf6 17. Rb7 Qxc6 18. Rxa7 Qc5 19. Rb7 Rd4 20. Qb1 Bxd3 21. cxd3 Rfd8 22. h3 g6 23. Rc1 Qd6 24. Rbxc7 Rxd3 25. a4 Rd2 26.
Qb3 Rf8 27. Qe3 Rd1+ 28. Rxd1 Qxd1+ 29. Qg1 Qxa4 30. Qe3 Rb8 31. f4 Qb4 32. Kh2 Qb1 33. Qe5 Qb6 34. Re7 Rf8 35. Re8 Rxe8 36. Qxe8+ Kg7 37. Qe5+ Qf6 38. Qxf6+ Kxf6 39. Kg3 h5 40. Kf3 Ke6 41. g4 hxg4+ 42. hxg4 Kd5 43. Ke3 f6 44. Kd3 f5 45. g5 Kc5 46. Kc3 Kd5 47. Kd3 Kc5 48.
Kc3 Kd5 49. Kd3 1/2-1/2

[Event "*** SCC Grand Prix: Titled Tuesday Blitz"]
[Site "Chess.com"]
[Date "2020.06.09"]
[Round "4"]
[White "AndrewMaco"]
[Black "GOGIEFF"]
[Result "0-1"]
[WhiteElo "2669"]
[BlackElo "2903"]
[TimeControl "180+1"]
[EndTime "9:39:50 PDT"]
[Termination "GOGIEFF won by resignation"]

1. e4 c5 2. Nf3 d6 3. d4 cxd4 4. Qxd4 Nf6 5. Be2 Nc6 6. Qe3 g6 7. O-O Bg7 8. c4 O-O 9. Nc3 Ng4 10. Qg5 Be6 11. Qh4 Qa5 12. Ng5 Nf6 13. Nd5 h5 14. a3 Rae8 15. b4 Qd8 16. Nxe6 fxe6 17. Nf4 Kf7 18. Bb2 e5 19. Nd5 e6 20. Ne3 Nd4 21. Bd1 Kg8 22. c5 dxc5 23. Nc4 Nd7 24. Qg3 Kh7 25. Bxd4 exd4 26. e5 b5 27. Bc2 Rf5 28.
Bxf5 exf5 29. Nd6 Bxe5 30. Nf7 Bxg3 31. Nxd8 Rxd8 32. hxg3 c4 33. Rfe1 d3 34. Re7+ Kh6 35. Kf1 Nb6 36. Rc7 Na4 37. Re1 d2 38. Rd1 c3 39.
Ke2 Kg5 40. Rc6 f4 41. gxf4+ Kxf4 42. g3+ Ke4 43. f3+ Kd4 44. Rxg6 Re8+ 45. Kf2 Kd3 46.
Rc6 Nb2 47. Rd6+ Kc2 48. Rh1 Nd3+ 49. Rxd3 Kxd3 50. Rxh5 d1=Q 51. Rd5+ Kc2 52. Rxd1 Kxd1 53. g4 c2 54. g5 c1=Q 55. g6 Qe3+ 56. Kg3 Qg5+ 0-1

[Event "*** SCC Grand Prix: Titled Tuesday Blitz"]
[Site "Chess.com"]
[Date "2020.06.09"]
[Round "4"]
[White "Escanor89"]
[Black "attack2mateU"]
[Result "1/2-1/2"]
[WhiteElo "2515"]
[BlackElo "2710"]
[TimeControl "180+1"]
[EndTime "9:39:50 PDT"]
[Termination "Game drawn by repetition"]

1. c4 g6 2. Nc3 c5 3. g3 Bg7 4.
Bg2 Nc6 5. e4 d6 6. Nge2 h5 7.
h4 Nf6 8. d3 O-O 9. O-O Bd7 10.
Bg5 a6 11. Qd2 Kh7 12. Nd5 Nxd5 13. exd5 Ne5 14. Rae1 b5 15. b3 Bf5 16. Nc1 Re8 17. Re2 Qd7 18. Rfe1 Bf6 19. Bxf6 exf6 20. Re3 Ng4 21.
Rxe8 Rxe8 22. Bf3 Rxe1+ 23. Qxe1 Ne5 24. Be2 b4 25. Qd2 Bg4 26. Qe3 Qf5 27. Bxg4 hxg4 28.
Qe4 Qxe4 29. dxe4 Kh6 30. Kf1 g5 31. hxg5+ fxg5 32. Ke2 Kg6 33. Ke3 f5 34. exf5+ Kxf5 35. Nd3 Nf3 36. Nb2 Nd4 37. Nd3 Nc2+ 38. Kd2 Nd4 39.
Ke3 a5 40. Ne1 Nc2+ 41. Kd2 Nd4 42. Ke3 Kf6 43. Nd3 Kf5 44. Ne1 1/2-1/2

[Event "*** SCC Grand Prix: Titled Tuesday Blitz"]
[Site "Chess.com"]
[Date "2020.06.09"]
[Round "4"]
[White "Raja3401"]
[Black "Borsuk_Konstantin"]
[Result "1-0"]
[WhiteElo "2818"]
[BlackElo "2563"]
[TimeControl "180+1"]
[EndTime "9:39:51 PDT"]
[Termination "Raja3401 won on time"]

1. e4 e6 2. d4 d5 3. Nd2 Nf6 4. e5 Nfd7 5. Bd3 c5 6. c3 Nc6 7. Ne2 b6 8. O-O cxd4 9. cxd4 Nb4 10. Bb1 Ba6 11. a3 Nd3 12. Qa4 Qc8 13. Nc3 Qb7 14. Nb5 Bxb5 15. Qxb5 Nxc1 16. Rxc1 Be7 17. Bd3 a6 18.
Qc6 Qa7 19. Rc2 O-O 20. Rac1 b5 21. Qc7 Bg5 22. Qxa7 Rxa7 23. g3 Bd8 24. Nb3 Bb6 25. Rc8 Ra8 26. R8c6 Rfb8 27. Rd6 Ra7 28. Kf1 Kf8 29.
h4 Ke7 30. h5 g6 31. h6 Rbb7 32. Rc8 Rc7 33. Rh8 Bxd4 34. Nxd4 Nxe5 35. Rdd8 Nxd3 36.
Rde8+ Kf6 37. Rxh7 e5 38. Ne2 Re7 39. Rhh8 Rxe8 40. Rxe8 1-0

[Event "*** SCC Grand Prix: Titled Tuesday Blitz"]
[Site "Chess.com"]
[Date "2020.06.09"]
[Round "4"]
[White "kirillshevchenko"]
[Black "IljaJoke"]
[Result "0-1"]
[WhiteElo "2895"]
[BlackElo "2501"]
[TimeControl "180+1"]
[EndTime "9:39:51 PDT"]
[Termination "IljaJoke won on time"]

1. e4 e5 2. Nf3 Nc6 3. Bb5 a6 4.
Ba4 Nf6 5. d3 b5 6. Bb3 Bc5 7.
Nc3 h6 8. Nd5 d6 9. c3 Rb8 10. O-O O-O 11. Re1 Nxd5 12. Bxd5 Ne7 13. Bb3 Bb6 14. d4 Ng6 15. h3 Qf6 16. a4 Nf4 17. a5 Ba7 18. Be3 c5 19. Kh2 g5 20.
dxe5 dxe5 21. Ng1 Kg7 22. g3 Ng6 23. Bd5 Be6 24. b4 Rbc8 25. Ra2 Rc7 26. Rd2 Rd8 27. Qe2 c4 28. Red1 Bxe3 29. Qxe3 Rcd7 30. Bxe6 Qxe6 31. Kg2 Rd6 32. Nf3 Rxd2 33. Rxd2 Rd6 34. Qc5 Rxd2 35. Nxd2 Qd7 36. Qe3 Ne7 37. Nf3 Qd6 38. h4 f6 39.
hxg5 hxg5 40. Qb6 Qc6 41. g4 Kf7 0-1

[Event "*** SCC Grand Prix: Titled Tuesday Blitz"]
[Site "Chess.com"]
[Date "2020.06.09"]
[Round "4"]
[White "lachesisQ"]
[Black "SantoBlue"]
[Result "1-0"]
[WhiteElo "3048"]
[BlackElo "2792"]
[TimeControl "180+1"]
[EndTime "9:39:52 PDT"]
[Termination "lachesisQ won by resignation"]

1. d4 d6 2. e4 Nf6 3. Nc3 e5 4. Nf3 Nbd7 5. Bc4 Be7 6. O-O O-O 7. a4 c6 8. Re1 h6 9. h3 Re8 10. Be3 exd4 11. Bxd4 Nf8 12. Qd2 Be6 13. Bxe6 Nxe6 14. Rad1 Qa5 15. Bxf6 Bxf6 16. Nd5 Qd8 17. Nxf6+ Qxf6 18. Qb4 Rad8 19. Qxb7 Nf4 20. Kh2 Qg6 21. g3 Ne6 22. Qxc6 Rc8 23. Qb5 Rb8 24. Qf5 Rxb2 25.
Qxg6 fxg6 26. Rxd6 Rxc2 27. Kg2 Nc5 28. Rc6 Rc3 29. a5 g5 30. e5 Rf8 31. Nd4 Rc4 32. Ne6 Nd3 33. Rxc4 Nxe1+ 34. Kf1 Re8 35. Kxe1 Rxe6 36.
Rc5 Re7 37. Ke2 Kf7 38. Kd3 Rb7 39. Ke4 Ke7 40. f4 gxf4 41. gxf4 Rb3 42. Rc7+ Kf8 43. Rxa7 Rxh3 44. a6 Ra3 45. e6 h5 46. Rf7+ Kg8 47.
a7 h4 48. Rb7 Kh7 49. e7 Ra1 50. Kf3 1-0

[Event "*** SCC Grand Prix: Titled Tuesday Blitz"]
[Site "Chess.com"]
[Date "2020.06.09"]
[Round "4"]
[White "witcher8"]
[Black "Haykos"]
[Result "1-0"]
[WhiteElo "2422"]
[BlackElo "2583"]
[TimeControl "180+1"]
[EndTime "9:39:52 PDT"]
[Termination "witcher8 won on time"]

1. e4 c5 2. Nf3 e6 3. b3 Nc6 4. Bb2 a6 5. d4 cxd4 6. Nxd4 Qf6 7. g3 Bc5 8. c3 e5 9. Nf3 d5 10. exd5 Bg4 11. Be2 e4 12. Nd4 Bxe2 13. Qxe2 Nxd4 14. cxd4 Bb4+ 15. Nd2 Ne7 16. O-O Bxd2 17. Qxd2 Nxd5 18. Rfe1 Qe6 19. Rxe4 Qxe4 20. Re1 Qe6 21. Rxe6+ fxe6 22. Ba3 O-O-O 23. Qg5 Rd7 24. Qe5 Re8 25. h4 g6 26.
h5 Nc7 27. hxg6 hxg6 28. Bc5 Nb5 29. Qf6 e5 30. dxe5 Nc7 31. Bd6 Re6 32. Qf8+ Re8 33.
Qf6 Re6 34. Qh8+ Ne8 35. Qg8 Rdxd6 36. exd6 Kd7 37. Qh7+ Kc6 38. Qh3 Rxd6 39. Kg2 Nf6 40. Qc8+ Kb6 41. Qf8 1-0

[Event "*** SCC Grand Prix: Titled Tuesday Blitz"]
[Site "Chess.com"]
[Date "2020.06.09"]
[Round "4"]
[White "Bulldog167"]
[Black "Nor1lsk"]
[Result "1-0"]
[WhiteElo "2779"]
[BlackElo "2592"]
[TimeControl "180+1"]
[EndTime "9:39:54 PDT"]
[Termination "Bulldog167 won by resignation"]

1. Nf3 g6 2. e3 Bg7 3. d4 c5 4.
dxc5 Qa5+ 5. Bd2 Qxc5 6. Bc3 Nf6 7. Nbd2 O-O 8. Be2 d5 9. O-O Nc6 10. Nb3 Qb6 11. a4 Bg4 12. a5 Qc7 13. a6 b6 14.
Nbd4 Bxf3 15. Nxf3 e6 16. Bb5 Ne4 17. Bxg7 Kxg7 18.
c3 Nd6 19. Bxc6 Qxc6 20. Qd4+ f6 21. Qb4 Qc5 22. Nd4 Qxb4 23. cxb4 Kf7 24. Rfc1 Rfc8 25. Rc6 Rxc6 26. Nxc6 Ke8 27. Nd4 Kd7 28. Rc1 e5 29. Ne2 Rc8 30. Rd1 Ke6 31. Nc3 Nc4 32. Nb5 Nxb2 33. Rb1 Nc4 34. Nxa7 Ra8 35. Nb5 Kd7 36. Ra1 Kc6 37. Nc3 b5 38. a7 Nb6 39. Ra5 Nc4 40. Ra6+ Kb7 41. Rxf6 Rxa7 42. Rf7+ Kb6 43. Nxd5+ Ka6 44.
Rf6+ Kb7 45. g4 Ra1+ 46. Kg2 Ra2 47. Kg3 Rd2 48. Nc3 Nd6 49. Re6 Rd3 50. Ne2 Nc4 51.
Re7+ Kc6 52. Rxh7 Rb3 53. Rg7 Rxb4 54. Rxg6+ Kc5 55. h4 Rb2 56. Nc3 b4 57. Na4+ 1-0

[Event "*** SCC Grand Prix: Titled Tuesday Blitz"]
[Site "Chess.com"]
[Date "2020.06.09"]
[Round "4"]
[White "tigra"]
[Black "Harry_Rakkel"]
[Result "1-0"]
[WhiteElo "2720"]
[BlackElo "2513"]
[TimeControl "180+1"]
[EndTime "9:39:54 PDT"]
[Termination "tigra won on time"]

1. d4 Nf6 2. Nf3 d5 3. Bf4 e6 4.
e3 Bd6 5. Bg3 O-O 6. Bd3 b6 7.
O-O Bb7 8. c3 Ne4 9. Nbd2 f5 10.
c4 Nxg3 11. hxg3 c6 12. Qb1 Nd7 13. cxd5 cxd5 14. b4 g5 15. Qb2 h5 16. Bb5 Rf7 17.
Rfc1 h4 18. gxh4 gxh4 19. Kf1 Nf6 20. Ke2 Ne4 21. Bc6 f4 22. Bxb7 Rxb7 23. Nxe4 dxe4 24. Nd2 Rg7 25. Nxe4 Be7 26. exf4 Qd5 27. Ke3 Rf8 28. g3 hxg3 29. fxg3 Qf5 30. Rf1 Qh3 31. Rac1 Bh4 32.
Rf3 Bxg3 33. Kd3 Qf5 34. a4 Bxf4 35. Rcf1 e5 36. Qa2+ Rff7 37. Qd5 Rg2 38. b5 Rd2+ 39. Kc4 Rxd4+ 40. Qxd4 exd4 41. Rxf4 Qe6+ 42. Kxd4 Rxf4 43.
Rxf4 Qb3 44. Ke5 Kg7 45. Nd6 Qc3+ 46. Ke6 Qe3+ 47. Re4 Qb3+ 48. Kd7 Qc3 49. Rf4 Kg6 50. Rg4+ Kh5 51. Rc4 Qd3 52. Kc7 Qd5 53. Rc6 Qd4 54.
Nc4 Qg7+ 55. Kb8 Qd7 56. Rc7 1-0

[Event "*** SCC Grand Prix: Titled Tuesday Blitz"]
[Site "Chess.com"]
[Date "2020.06.09"]
[Round "4"]
[White "Bayernbk"]
[Black "Zavgorodniy_Serg"]
[Result "0-1"]
[WhiteElo "2468"]
[BlackElo "2653"]
[TimeControl "180+1"]
[EndTime "9:39:54 PDT"]
[Termination "Zavgorodniy_Serg won by resignation"]

1. e4 e5 2. Nc3 d6 3. Nf3 Nf6 4. d4 exd4 5. Nxd4 Be7 6. g3 O-O 7. Bg2 Re8 8. O-O c6 9. a4 a5 10.
h3 Na6 11. Nf5 Bxf5 12. exf5 d5 13. Be3 Bc5 14. Bxc5 Nxc5 15. Qd4 Ncd7 16. Rae1 Qb6 17. Qxb6 Nxb6 18. b3 Nbd7 19. f4 Nc5 20. g4 d4 21.
Nd1 d3 22. cxd3 Nxb3 23. Kf2 Nd7 24. Rxe8+ Rxe8 25. Re1 Rxe1 26. Kxe1 Ndc5 27. Nb2 Kf8 28. g5 f6 29. Kf2 Nd4 30. Be4 b5 31. Ke3 Ncb3 32. h4 Ke7 33. Bxc6 Nxc6 34. axb5 Nb4 35. Nc4 a4 36. h5 h6 37. gxh6 gxh6 38. Ke4 Nc2 39. b6 a3 40. Nxa3 Nxa3 41. Kd5 Na5 42. Kc5 Kd7 43. d4 Nb7+ 44. Kd5 Nc2 45. Ke4 Kd6 46. Kd3 Nb4+ 47. Kc4 Nc6 48. d5 Ne7 49. Kb5 Nxd5 50. Ka6 Kc6 0-1

[Event "*** SCC Grand Prix: Titled Tuesday Blitz"]
[Site "Chess.com"]
[Date "2020.06.09"]
[Round "4"]
[White "AniJak"]
[Black "GustavoJuarezF"]
[Result "0-1"]
[WhiteElo "2255"]
[BlackElo "1984"]
[TimeControl "180+1"]
[EndTime "9:39:54 PDT"]
[Termination "GustavoJuarezF won by checkmate"]

1. e4 c5 2. Nc3 Nc6 3. g3 g6 4.
Bg2 Bg7 5. d3 d6 6. Nh3 Nf6 7.
O-O O-O 8. f4 Bg4 9. Qd2 Bxh3 10. Bxh3 Nd4 11. Nd1 b5 12. c3 Nc6 13. Qf2 e6 14. g4 b4 15. g5 Nd7 16. Bg2 bxc3 17.
bxc3 Rc8 18. f5 exf5 19. exf5 Be5 20. f6 Nb4 21. Qh4 Nxd3 22. Qh6 Bxf6 23. gxf6 Nxf6 24.
Bg5 Ng4 25. Qh4 Qd7 26. Bh3 f5 27. Ne3 h5 28. Bg2 Nde5 29. Bd5+ Kh7 30. h3 Nxe3 31. Bxe3 Rb8 32. Qf4 Qg7 33. Rad1 Rb2 34. Bg2 Rd8 35. Bxc5 dxc5 36. Rxd8 c4 37. Re8 Nd3 38. Qxc4 Rxg2+ 39. Kxg2 Qb7+ 40. Rf3 Qb2+ 41. Kg3 f4+ 42. Kh4 g5+ 43. Kxg5 Qg2+ 44. Kf5 Qg6# 0-1

[Event "*** SCC Grand Prix: Titled Tuesday Blitz"]
[Site "Chess.com"]
[Date "2020.06.09"]
[Round "4"]
[White "arminmusovic"]
[Black "platy3"]
[Result "0-1"]
[WhiteElo "2537"]
[BlackElo "2740"]
[TimeControl "180+1"]
[EndTime "9:39:55 PDT"]
[Termination "platy3 won by checkmate"]

1. a3 e5 2. Nc3 Nf6 3. d4 e4 4. Bg5 d5 5. Bxf6 gxf6 6. e3 f5 7. Qh5 c6 8. Nge2 h6 9. Nf4 Qg5 10. O-O-O Bd6 11. Nce2 Nd7 12. h4 Qg7 13. Ng3 Nf6 14.
Qe2 Bd7 15. Nfh5 Nxh5 16. Nxh5 Qg6 17. g3 f4 18. Nxf4 Bxf4 19. exf4 Bg4 20. Qe3 Bxd1 21. Kxd1 O-O-O 22. Kc1 Kb8 23. Kb1 c5 24. dxc5 d4 25. Qb3 d3 26. cxd3 exd3 27. Bg2 d2+ 28. Ka1 Qa6 29. Rd1 Rhe8 30. c6 Re1 31. c7+ Kxc7 32. Qc3+ Qc6 33. Qa5+ Qb6 34. Qc3+ Kb8 35. Rxe1 d1=Q+ 36. Rxd1 Rxd1+ 37. Ka2 Qe6+ 38. b3 Qe2+ 39. Qb2 Rd2 40.
Qxd2 Qxd2+ 41. Ka1 Qe1+ 42. Kb2 Qxf2+ 43. Kc3 Qxg2 44.
Kc4 Qxg3 45. a4 Qxf4+ 46. Kb5 Qxh4 47. b4 a6+ 48. Kb6 Qxb4# 0-1

[Event "*** SCC Grand Prix: Titled Tuesday Blitz"]
[Site "Chess.com"]
[Date "2020.06.09"]
[Round "4"]
[White "kushagramohan"]
[Black "Berardino"]
[Result "1-0"]
[WhiteElo "2728"]
[BlackElo "2522"]
[TimeControl "180+1"]
[EndTime "9:39:55 PDT"]
[Termination "kushagramohan won on time"]

1. e4 c5 2. Nf3 b6 3. d4 cxd4 4. Nxd4 Bb7 5. Nc3 Nf6 6. f3 e6 7. Be3 Bc5 8. Qd2 O-O 9. O-O-O d5 10. e5 Nfd7 11. f4 Nc6 12. Nf3 Qe7 13. Kb1 f6 14. exf6 Qxf6 15. Bb5 a6 16. Bxc6 Bxc6 17. Rhe1 Rae8 18.
g3 Bb7 19. Bd4 Qg6 20. Ne5 Nxe5 21. Rxe5 h6 22. Rde1 Bc6 23. a3 Kh7 24. Qe3 Bd6 25. Rxe6 Qf5 26. Rxd6 Rxe3 27. Rxe3 Be8 28. Rxb6 Bg6 29.
Re2 Rf7 30. Rxa6 Rc7 31. Rd6 Qg4 32. Rd2 Qf3 33. Ka2 Be4 34. a4 Rc4 35. a5 Qf1 36. a6 Rc7 37. a7 Rc8 38. Rd7 Qc4+ 39. Kb1 Qf1+ 40. Rd1 Qa6 41. Rxg7+ Kh8 42. Rg6+ 1-0

[Event "*** SCC Grand Prix: Titled Tuesday Blitz"]
[Site "Chess.com"]
[Date "2020.06.09"]
[Round "4"]
[White "rugbyclub"]
[Black "2007checkmate"]
[Result "0-1"]
[WhiteElo "2114"]
[BlackElo "2410"]
[TimeControl "180+1"]
[EndTime "9:39:55 PDT"]
[Termination "2007checkmate won on time"]

1. c4 e5 2. Nc3 Nc6 3. Nf3 g6 4. d4 Bg7 5. dxe5 Nxe5 6. Nxe5 Bxe5 7. g3 d6 8. Bg2 Ne7 9. O-O O-O 10. Qd2 Nc6 11. b3 a5 12. Bb2 Bf5 13. Rac1 Re8 14. e3 Bh8 15. Nd5 Ne5 16. f4 Nd7 17. Bxh8 Kxh8 18. e4 Be6 19. Qd4+ Kg8 20. Nc3 Qf6 21. Qd2 Nc5 22. Rce1 Qg7 23. f5 Bd7 24. Nd5 Na6 25. f6 Qf8 26. Rf4 c6 27. Ne7+ Rxe7 28. fxe7 Qxe7 29.
Rd1 Be6 30. Qxd6 Qe8 31. e5 a4 32. b4 Nb8 33. a3 Nd7 34. c5 Nf8 35. h4 Bb3 36. Rd2 Ne6 37. Rf6 Rd8 38. Rxe6 Qxe6 39. Qxe6 Rxd2 40. Qe8+ Kg7 41. Qe7 Rd1+ 42. Kh2 Rd2 43. Kh3 Be6+ 44. g4 Rd3+ 45. Kh2 Rd2 0-1

[Event "*** SCC Grand Prix: Titled Tuesday Blitz"]
[Site "Chess.com"]
[Date "2020.06.09"]
[Round "4"]
[White "pfalcon1949"]
[Black "Ceejay271"]
[Result "0-1"]
[WhiteElo "1927"]
[BlackElo "2395"]
[TimeControl "180+1"]
[EndTime "9:39:55 PDT"]
[Termination "Ceejay271 won by resignation"]

1. d4 Nf6 2. c4 e6 3. Nc3 Bb4 4. a3 Bxc3+ 5. bxc3 Nc6 6. e3 d6 7.
Bd3 e5 8. Ne2 O-O 9. O-O b6 10. f3 Ba6 11. Ng3 Na5 12. Qe2 c5 13. d5 Nb3 14. Rb1 Nxc1 15. Rbxc1 Re8 16. a4 g6 17. Kh1 Nd7 18. e4 Qh4 19. Rg1 Re7 20. a5 Rf8 21. axb6 axb6 22. Ra1 Bc8 23. Ra7 h5 24.
Bc2 Qf4 25. Ba4 h4 26. Nf1 f5 27.
Bxd7 Bxd7 28. Qe3 fxe4 29. fxe4 Qxe3 30. Nxe3 Rf4 31. Rb7 Rxe4 32. Nc2 Rxc4 33. Rxb6 Rxc3 34. Ne1 Rc1 35. h3 c4 36. Rb7 Rf7 37. Nf3 Rxg1+ 38.
Kxg1 Bf5 39. Rxf7 Kxf7 40. Kf2 c3 41. Ke2 c2 42. Kd2 Be4 43. Nxh4 Bxd5 44. g4 Kf6 45.
Kxc2 Kg5 46. Nxg6 Kxg6 47. Kd3 Kg5 48. Ke3 Kh4 49. Kf2 Kxh3 50. g5 Be4 51. Ke3 Bg6 52.
Kf3 d5 53. Ke3 Kg4 54. Kd2 Kxg5 55. Ke3 Kf5 0-1

[Event "*** SCC Grand Prix: Titled Tuesday Blitz"]
[Site "Chess.com"]
[Date "2020.06.09"]
[Round "4"]
[White "GMJustin"]
[Black "szefru"]
[Result "0-1"]
[WhiteElo "2296"]
[BlackElo "2147"]
[TimeControl "180+1"]
[EndTime "9:39:56 PDT"]
[Termination "szefru won on time"]

1. d4 d5 2. c4 c6 3. Nf3 Nf6 4. Nc3 e6 5. e3 Nbd7 6. Qc2 Be7 7. Bd3 dxc4 8. Bxc4 b5 9. Bd3 a6 10. e4 b4 11. Ne2 c5 12. e5 Nd5 13. O-O Bb7 14. Bd2 Rc8 15. Rac1 Qb6 16. Qa4 O-O 17. Ng5 g6 18. Ne4 a5 19. Qxd7 Bc6 20. dxc5 Bxc5 21. Nxc5 Bxd7 22. Nxd7 Qb7 23. Nxf8 Rxf8 24. Bh6 Rd8 25.
Ng3 Nb6 26. Be4 Qe7 27. h3 Qh4 28. Be3 Nd7 29. Rfd1 Nxe5 30. Rxd8+ Qxd8 31. f4 Nd7 32. Kf2 Qf6 33. Rc2 h5 34. Ne2 e5 35. Kg1 exf4 36.
Bxf4 Nb6 37. Bf3 Na4 38. Rd2 Nxb2 39. Be3 Nc4 40. Bd4 Qf5 41. Rd1 Qc2 42. Rf1 Qd2 43.
Rf2 Qd1+ 44. Kh2 Nd2 45. Bd5 Nf1+ 46. Rxf1 Qxf1 47. Ng3 Qd3 0-1

[Event "*** SCC Grand Prix: Titled Tuesday Blitz"]
[Site "Chess.com"]
[Date "2020.06.09"]
[Round "4"]
[White "Gloomy_Wanderer"]
[Black "Colchonero64"]
[Result "0-1"]
[WhiteElo "2787"]
[BlackElo "3001"]
[TimeControl "180+1"]
[EndTime "9:39:57 PDT"]
[Termination "Colchonero64 won on time"]

1. d4 Nf6 2. Nf3 g6 3. c4 Bg7 4. g3 O-O 5. Bg2 d6 6. O-O Nbd7 7. Nc3 e5 8. e4 c6 9. h3 Re8 10. Re1 exd4 11. Nxd4 Qb6 12. Re2 Nc5 13. Be3 Qc7 14. Qc2 a5 15. Rd1 h6 16. f4 a4 17. Bf2 h5 18.
Ndb5 cxb5 19. Nxb5 Qa5 20. Nxd6 Be6 21. e5 Nfd7 22. Nxe8 Rxe8 23. Bd5 Bf5 24. Qd2 Qxd2 25. Rexd2 Bxh3 26. Bxb7 Nxb7 27. Rxd7 Bxd7 28. Rxd7 Na5 29. c5 Rc8 30. Ra7 Nc4 31. Bd4 a3 32. b4 Bf8 33.
Kf2 Rb8 34. Bc3 Rd8 35. Ke2 g5 36. fxg5 Bg7 37. c6 Bxe5 38. Bxe5 Nxe5 39. b5 Nc4 40.
Kf3 Rc8 41. Kf4 Nd6 42. Ra5 Kg7 43. Ke3 Nc4+ 0-1

[Event "*** SCC Grand Prix: Titled Tuesday Blitz"]
[Site "Chess.com"]
[Date "2020.06.09"]
[Round "4"]
[White "Semetey"]
[Black "snap_man"]
[Result "1-0"]
[WhiteElo "2531"]
[BlackElo "2305"]
[TimeControl "180+1"]
[EndTime "9:39:58 PDT"]
[Termination "Semetey won by resignation"]

1. Nf3 Nf6 2. g3 d5 3. Bg2 c5 4. O-O g6 5. b3 Bg7 6. Bb2 O-O 7. c4 d4 8. e3 Nc6 9. exd4 cxd4 10.
Re1 a5 11. a3 Nd7 12. d3 Nc5 13.
Qd2 a4 14. b4 Nb3 15. Qc2 Nxa1 16. Bxa1 Bg4 17. h3 Bxf3 18. Bxf3 e5 19. Qd2 Qd7 20. Bg2 Kh8 21. Qc2 f5 22. Nd2 Rae8 23. Qxa4 Ra8 24. Qb3 Nd8 25. b5 Ne6 26. Bb2 Nc5 27. Qc2 e4 28. dxe4 d3 29. Qb1 f4 30. g4 Rfd8 31. e5 h5 32. Bf3 Qe6 33. Qc1 Rd7 34. Kg2 h4 35. Bd5 Qe7 36. e6 Rdd8 37. Bxg7+ Kxg7 38. Nf3 g5 39. Re5 Qf6 40. Rxg5+ Kf8 41. Rf5 1-0